 Dungeon Crawl Stone Soup version 0.31-a0-1338-gb567cfdca4 (webtiles) character file.

Game seed: 3970503466679871425

1162 croobank the Shooter (level 8, -10/62 HPs)
             Began as a Human Hunter on Dec 22, 2023.
             Mangled by an orc warrior
             ... wielding a +0 battleaxe
              (19 damage)
             ... on level 5 of the Dungeon.
             The game lasted 00:13:38 (4197 turns).

croobank the Shooter (Human Hunter)                 Turns: 4197, Time: 00:13:38

Health: -10/62     AC:  7    Str: 15    XL:     8   Next: 39%
Magic:  8/8        EV: 13    Int: 18    God:
Gold:   533        SH:  0    Dex: 19    Spells: 7/7 levels left

rFire   . . .        a - +1 shortbow
rCold   . . .        (shield currently unavailable)
rNeg    . . .        m - +3 ring mail "Vouphu" {*Corrode Str+3 Int+9}
rPois   .            d - +0 helmet
rElec   .            r - +0 cloak
rCorr   .            i - +0 pair of gloves
SInv    .            (no boots)
Will    .....        (no amulet)
Stlth   +++          (no ring)
HPRegen 0.30/turn    (no ring)
MPRegen 0.11/turn

%: corrode self (3%)
@: corroded
A: explore regen
a: no special abilities


You were on level 5 of the Dungeon.
You visited 1 branch of the dungeon, and saw 5 of its levels.
You also visited: Ossuary.

You collected 533 gold pieces.

Inventory:

Hand Weapons
 a - a +1 shortbow (weapon)
 k - a +0 war axe
 l - a +1 whip of flaming
 p - a +0 dagger of draining
 s - a +0 mace of holy wrath
 v - a +0 trident
Missiles
 j - 12 poisoned darts
Armour
 c - a +2 leather armour
 d - a +0 helmet (worn)
 i - a +0 pair of gloves (worn)
 m - the +3 ring mail "Vouphu" (worn) {*Corrode Str+3 Int+9}
   (You found it on level 2 of the Dungeon)

   Str+3:     It affects your strength (+3).
   Int+9:     It affects your intelligence (+9).
   *Corrode:  It may corrode you when you take damage.
 n - a +0 ring mail
 r - a +0 cloak (worn)
 D - an orb of wrath
Magical Staves
 A - a staff of earth
Jewellery
 B - a ring of resist corrosion
Wands
 q - a wand of polymorph (7)
Scrolls
 o - 2 scrolls of enchant armour
 u - 3 scrolls of teleportation
 y - a scroll of vulnerability {unknown}
 C - a scroll of revelation {unknown}
Potions
 b - 5 potions of curing
 e - 4 potions of heal wounds
 f - 2 potions of brilliance
 g - 2 potions of haste
 h - a potion of resistance
 t - 3 potions of lignification {unknown}
 w - a potion of ambrosia {unknown}
 x - a potion of mutation {unknown}
 z - a potion of berserk rage {unknown}


   Skills:
 + Level 5.1 Fighting
 + Level 6.3 Ranged Weapons
 + Level 5.1 Dodging
 + Level 5.2 Stealth


You had 7 spell levels left.
You didn't know any spells.
Your spell library was empty.

Dungeon Overview and Level Annotations

Branches:
Dungeon (5/15)            Ossuary (visited)
 Temple: D:4-7

Altars:
Ru
Trog
Zin
The Shining One


Innate Abilities, Weirdness & Mutations

You regain HP and MP as you explore.


Message History

The arrow hits the orc warrior but does no damage.
The orc warrior is lightly wounded.
The orc warrior barely misses you.
You shoot an arrow. The arrow hits the orc warrior.
The orc warrior is lightly wounded.
The orc warrior hits you with a +0 battleaxe!
You shoot an arrow. The arrow hits the orc warrior!
The orc warrior is heavily wounded.
The orc warrior misses you.
The orc warrior hits you with a +0 battleaxe!
You are too injured to fight recklessly!
You are too injured to fight recklessly!
You are too injured to fight recklessly!
Fire: a) +1 shortbow
Press: ? - help, Q - select action, (/) - cycle Shift-Dir - straight line, f/p - orc warrior
Aim: an orc warrior, wielding a +0 battleaxe and wearing a +0 chain mail (heavily wounded, 64% to hit)
You shoot an arrow. The arrow hits the orc warrior!
The orc warrior is almost dead.
The orc warrior barely misses you.
There are monsters nearby!
You shoot an arrow.
The arrow hits the orc warrior but does no damage.
The orc warrior is almost dead.
The orc warrior closely misses you.
You shoot an arrow.
The arrow closely misses the orc warrior.
The orc warrior hits you with a +0 battleaxe!
* * * LOW HITPOINT WARNING * * *
You shoot an arrow.
The arrow closely misses the orc warrior.
The arrow hits the orc.
The orc is moderately wounded.
The orc warrior barely misses you.
You shoot an arrow. The arrow hits the orc warrior.
The orc warrior is almost dead.
The orc warrior hits you with a +0 battleaxe!
* * * LOW HITPOINT WARNING * * *
Your corrosive artefact corrodes you!
The orc warrior hits you with a +0 battleaxe!!
You die...

......#.#...#.....#.#.#####
(.......#...#.....#.#.#
#.......#...#######.#.#
##..#.......#...# #.#.#
...........##+## #.#.###
..#..........########.#<..#
.....................#####
##> ..####..##.###### ###
#.# #.#####.##@# #.#
#.#.....##o# #.#
#.'.....##.# ##.#
#.#....##ooo ...####.######
8.8 #....##.# #.).#
#....##.# ##'## #....##.#
... #....##.#


You could see an orc warrior and 3 orcs.

Vanquished Creatures
  Pikel (D:5)
  A phantom (D:5)
  Blork the orc (D:5)
  A kobold brigand (D:5)
  A scorpion (D:5)
  An iguana (D:5)
  Ijyb (D:3)
  8 mummies (Ossuary)
  Robin (D:1)
  8 adders
  2 worms
  13 orcs
  3 bats
  5 endoplasms
  3 giant cockroaches
  21 goblins
  8 hobgoblins
  4 jackals (D:3)
  4 quokkas
  5 ball pythons
  5 frilled lizards
  A gnoll zombie (Ossuary)
  2 hobgoblin zombies (Ossuary)
  11 kobolds
  2 kobold zombies (Ossuary)
  3 orc zombies (Ossuary)
  2 rats
118 creatures vanquished.

Vanquished Creatures (others)
  Eustachio (D:4)
1 creature vanquished.

Grand Total: 119 creatures vanquished

Notes
Turn   | Place    | Note
-------+----------+-------------------------------------------
     0 | D:1      | croobank the Human Hunter began the quest for the Orb.
     0 | D:1      | Reached XP level 1. HP: 16/16 MP: 1/1
   195 | D:1      | Reached XP level 2. HP: 22/22 MP: 2/2
   647 | D:2      | Reached XP level 3. HP: 24/28 MP: 3/3
   684 | D:2      | Noticed Robin
   887 | D:1      | Killed Robin
  1087 | D:2      | Reached XP level 4. HP: 22/34 MP: 4/4
  1304 | D:2      | Identified the +3 ring mail "Vouphu" {*Corrode Str+3 Int+9}
  1850 | D:3      | Reached XP level 5. HP: 41/41 MP: 5/5
  2158 | D:3      | Noticed Ijyb
  2181 | D:3      | Killed Ijyb
  2451 | D:4      | Found a glowing golden altar of the Shining One.
  2501 | D:4      | Found a bloodstained altar of Trog.
  2501 | D:4      | Found a glowing silver altar of Zin.
  2632 | D:4      | Found a sand-covered staircase.
  2637 | Ossuary  | Entered an ossuary
  2696 | Ossuary  | Reached XP level 6. HP: 45/47 MP: 6/6
  2701 | Ossuary  | Reached skill level 5 in Ranged Weapons
  2965 | D:4      | Noticed Eustachio
  3001 | D:4      | Killed Eustachio
  3455 | D:5      | Entered Level 5 of the Dungeon
  3507 | D:5      | Reached XP level 7. HP: 54/54 MP: 7/7
  3633 | D:5      | Noticed Pikel
  3636 | D:5      | Noticed Blork the orc
  3642 | D:5      | Killed Pikel
  3643 | D:5      | Reached skill level 6 in Ranged Weapons
  3643 | D:5      | Reached skill level 5 in Stealth
  3643 | D:5      | Reached XP level 8. HP: 8/61 MP: 8/8
  3646 | D:5      | Killed Blork the orc
  3647 | D:5      | Reached skill level 5 in Fighting
  3647 | D:5      | Reached skill level 5 in Dodging
  3921 | D:5      | Found a sacrificial altar of Ru.
  4197 | D:5      | Mangled by an orc warrior

Illustrated notes

Levels and vault maps discovered:
D:1:      scummos_arrival_star, layout_loops_cross
D:2:      layout_loops_ring, uniq_robin
D:3:      layout_rooms, serial_rivers, chequers_serial_rivers_large_a,
          chequers_serial_rivers_marsh, chequers_serial_rivers_micro_b,
          chequers_serial_rivers_large_b, chequers_serial_rivers_small_b,
          chequers_serial_rivers_room_b, uniq_ijyb
D:4:      layout_basic, tso_oasis_becter, gammafunk_temple_overflow_elements,
          enter_ossuary_2, uniq_eustachio
D:5:      layout_basic, mainiacjoe_overflow_alcove_1,
          mainiacjoe_overflow_six_doors_small, lemuel_temple_firewalk_a,
          pf_guarded_unrand_delatra, uniq_prince_ribbit1, uniq_blork_the_orc,
          uniq_pikel

Skill      XL: |  1  2  3  4  5  6  7  8 |
---------------+-------------------------+-----
Stealth        | 2 3 5 |  5.2
Fighting       | 3 4 5 |  5.1
Dodging        | 3 4 5 |  5.1
Ranged Weapons | 5 6 |  6.3

Action                     |  1- 3 |  4- 6 |  7- 9 || total
---------------------------+-------+-------+-------++-------
  Melee: Unarmed           |       |    14 |       ||    14
   Fire: Shortbow          |    92 |   238 |    65 ||   395
    Use: Scroll            |     3 |    10 |     1 ||    14
 Armour: Leather armour    |    47 |    11 |       ||    58
         Ring mail         |       |    61 |    14 ||    75
         Skin              |       |     3 |       ||     3
  Dodge: Dodged            |    40 |    95 |    17 ||   152

Table legend: (Time is in decaauts)
 A = Elapsed time spent in this place.
 B = Non-inter-level travel time spent in this place.
 C = Inter-level travel time spent in this place.
 D = Time resting spent in this place.
 E = Time spent auto-exploring this place.
 F = Levels seen in this place.
 G = Mean time per level.
                   A        B        C        D        E       F      G
               +--------+--------+--------+--------+--------+-----+--------+
         Total |   4336 |   4185 |    151 |    801 |   2359 |   6 |  722.7 |
       Dungeon |   3998 |   3847 |    151 |    701 |   2308 |   5 |  799.6 |
       Ossuary |    338 |    338 |      0 |    100 |     51 |   1 |  338.0 |
               +--------+--------+--------+--------+--------+-----+--------+

Top non-repeatable levels by time:
     D:1: 859 daAuts
     D:3: 813 daAuts
     D:2: 791 daAuts
     D:4: 777 daAuts
     D:5: 756 daAuts
 Ossuary: 338 daAuts
